[Event "3rd VIZAG GM-Open 2022"]
[Site "Visakapatnam"]
[Date "2022.06.13"]
[Round "5.6"]
[White "Paichadze, Luka"]
[Black "Bharat Kumar Reddy Poluri"]
[Result "1-0"]
[ECO "C02"]
[WhiteElo "2567"]
[BlackElo "2224"]
[Annotator "TA"]
[PlyCount "69"]
[EventDate "2022.06.13"]
[EventType "swiss"]
[EventCountry "IND"]
[SourceTitle "playchess.com"]
[Source "ChessBase"]
[SourceQuality "1"]
[TimeControl "5400+30"]

1. e4 e6 2. d4 d5 3. e5 c5 4. c3 Qb6 5. Nf3 Nc6 6. Bd3 cxd4 7. O-O $1 {[%emt 0:00:07][%mdl 4] is currently scoring better than 7.cxd4. C02: French: Advance Variation.} Bd7 8. Re1 Nge7 9. h4 {[%emt 0:00:51] Black has an edge.} Nf5 10. Bxf5 exf5 11. cxd4 {[%emt 0:00:07] [#]} Bb4 $146 ({Predecessor:} 11... Be6 12. Nc3 Be7 13. Na4 Qb5 14. Bg5 Bb4 15. Nc3 Qa5 16. Bd2 O-O 17. a3 Be7 {½-½ (64) Perez Ponsa,F (2554)-Abdusattorov,N (2646) Chess.com INT 2021}) 12. Nc3 Be6 (12... Bxc3 $5 13. bxc3 O-O $11) 13. Re2 O-O 14. Na4 $36 {[%emt 0:04:16][%mdl 2048] White has the initiative.} Qd8 15. Bg5 Be7 16. Nc5 Bxg5 17. hxg5 Qe7 18. Rc1 (18. Re3 $16) 18... Rfc8 (18... f4 $1 $11) 19. Qa4 (19. Re3 $16) 19... b6 {[%emt 0:03:19] Black is now going downhill.} (19... f4 $14) 20. Nxe6 $16 {[%emt 0:10:38] White is more active.} Qxe6 21. Rec2 Na5 22. Qb5 {[%emt 0:04:37][%cal Ob5d5] Strongly threatening Qxd5!} Rc4 (22... Rxc2 $16 {is a better defense.} 23. Rxc2 Nc4) 23. Rxc4 $18 dxc4 24. d5 Qe8 25. Qb4 Rc8 26. Qd2 Qd7 27. d6 {[%emt 0:04:10][%cal Og5g6] g6! is the strong threat.} Re8 $2 {[%emt 0:04:21] [#]} (27... Nb7 {was worth a try.} 28. Qd4 Nd8 29. Rxc4 g6) 28. Qd5 Rc8 $2 (28... b5 29. Nd4 a6) 29. b4 cxb3 (29... Nc6 $18 30. Rxc4 Nd8) 30. Rxc8+ {[%emt 0:00:06] White mates.} Qxc8 {[%emt 0:00:05] KQN-KQN} 31. d7 Qd8 32. axb3 Nxb3 33. e6 ({Weaker is} 33. Qxb3 Qxd7 34. Qb2 g6 $18) 33... fxe6 34. Qxe6+ Kf8 35. Ne5 {[%emt 0:00:08] Weighted Error Value: White=0.16 (very precise) /Black=0.59} 1-0

[Event "3rd VIZAG GM-Open 2022"]
[Site "Visakapatnam"]
[Date "2022.06.13"]
[Round "5.7"]
[White "Aaryan Varshney"]
[Black "Harsha Bharathakoti"]
[Result "0-1"]
[ECO "D02"]
[WhiteElo "2308"]
[BlackElo "2547"]
[Annotator "TA"]
[PlyCount "154"]
[EventDate "2022.06.13"]
[EventType "swiss"]
[EventCountry "IND"]
[SourceTitle "playchess.com"]
[Source "ChessBase"]
[SourceQuality "1"]
[TimeControl "5400+30"]

1. Nf3 d5 2. g3 Nc6 3. d4 Bf5 4. Bg2 Nb4 5. Na3 e6 6. c3 {[%emt 0:03:54] D02: 1 d4 d5 2 Nf3 sidelines, including 2...Nf6 3 g3 and 2...Nf6 3 Bf4.} Nc6 7. Nc2 h6 8. O-O {[%emt 0:02:05] White has an edge.} Nf6 9. Ne5 Nxe5 10. dxe5 Nd7 {[%emt 0:01:56] [#]} 11. c4 $146 ({Predecessor:} 11. f4 Be7 12. Nd4 Bh7 13. f5 exf5 14. e6 Nf6 15. exf7+ Kxf7 16. Nxf5 Bc5+ 17. Kh1 {0-1 (31) Shandrygin,N (2209)-Seo,J (2478) Chess.com INT 2022}) 11... c6 (11... Nxe5 12. cxd5 (12. Ne3 dxc4 13. Bxb7 Qxd1 $11) 12... exd5 13. Ne3 $14) 12. cxd5 cxd5 13. Nd4 Bh7 14. f4 Bc5 15. Be3 O-O 16. Rc1 Qb6 17. Qd2 Rac8 18. a3 Qa6 19. Rc3 Nb6 20. Bf2 Nc4 21. Qc1 b5 22. b4 Bb6 23. Nb3 Bxf2+ ({Reject} 23... Nxa3 24. Nc5 Bxc5 25. Bxc5 $11) 24. Rxf2 Qb6 {[%emt 0:00:00] Hoping for ...d4.} 25. e3 {[%emt 0:00:36] Prevents d4.} Rc7 26. g4 (26. Ra2 $1 $11) 26... Rfc8 $17 {[%emt 0:00:00][%cal Oc4e5] And now ...Nxe5! would win.} 27. Nc5 a5 28. f5 Rxc5 (28... Nxe5 $17 29. fxe6 fxe6 30. Nxe6 Nf3+ 31. Rxf3 Rxc3 32. Qxc3 Qxe6) 29. bxc5 $11 Rxc5 30. fxe6 (30. Qd1 $1 $11) 30... fxe6 ({Black should play} 30... Qxe6 $15 31. Qd1 b4 32. axb4 axb4) 31. Qf1 $2 (31. Qd1 $1 $11) 31... Rc8 $1 $19 ({Not} 31... Qb8 32. Rf7 $17) 32. Qe1 b4 33. axb4 axb4 34. Rb3 Rb8 35. Ra2 Nxe5 {[%emt 0:01:49] Black is more active.} 36. Qd2 (36. Qg3 $17 {keeps fighting.} Qd6 37. Qf4) 36... Nc6 ({Inferior is} 36... Nxg4 37. Qd4 Qxd4 38. exd4 $11) 37. h3 Qc5 $1 38. Ra6 (38. Rab2 $142) 38... Qc4 39. Rxc6 Qxc6 (39... Qxb3 $19 40. Qd4 Kh8) 40. Rxb4 $17 Ra8 (40... Rf8 $142 41. Rf4 Rc8) 41. Qb2 Qc5 42. Rb8+ Rxb8 43. Qxb8+ $15 {[%emt 0:00:06][%mdl 4096] Endgame KQB-KQB} Qf8 44. Qe5 Qf6 45. Qb8+ Kf7 $1 46. Qc7+ Qe7 47. Qf4+ Ke8 $1 48. Qb8+ Qd8 $1 49. Qe5 Qd7 (49... Kf7 $1 $15) 50. Qb8+ $11 Kf7 51. Qf4+ Ke7 52. Qe5 Kf8 53. Qf4+ $1 Qf7 54. Qd6+ Qe7 55. Qb8+ (55. Qf4+ $1 $11 Kg8 56. Qb8+ Qf8 57. Qe5) 55... Qe8 $1 $15 56. Qe5 Bg6 57. h4 Kg8 58. g5 (58. e4 $15) 58... hxg5 $17 59. hxg5 Qf7 $1 60. Qb8+ Kh7 {[%emt 0:00:14] White must now prevent ...Be4.} 61. Qh2+ {[%emt 0:00:30] [#]} Bh5 $1 {[%emt 0:01:21] Strongly threatening ...Kg6.} 62. Qe5 $2 {[%emt 0:00:22] [#] This move loses the game for White.} (62. Qg3 $17) 62... Bg4 $1 $19 {[%emt 0:00:22] ...Qf5 is the strong threat.} 63. Qg3 $2 (63. Qf4 Qxf4 64. exf4) 63... Qf5 64. e4 (64. Bf1 $142 Kg6 65. Bg2) 64... dxe4 65. Qf2 Kg6 66. Qe3 Bf3 67. Bf1 Qxg5+ 68. Qxg5+ Kxg5 {[%emt 0:00:01] KB-KB} 69. Bh3 e5 70. Bf1 e3 71. Bc4 Kf4 72. Bb5 g5 73. Bc4 g4 74. Bb5 g3 75. Kf1 g2+ 76. Kg1 e2 77. Bxe2 Bxe2 {[%emt 0:00:00] Weighted Error Value: White=0.19 (very precise) /Black=0.11 (very precise)} 0-1

[Event "3rd VIZAG GM-Open 2022"]
[Site "Visakapatnam"]
[Date "2022.06.13"]
[Round "5.8"]
[White "Savchenko, Boris"]
[Black "Aradhya, Garg"]
[Result "1/2-1/2"]
[ECO "C30"]
[WhiteElo "2524"]
[BlackElo "2275"]
[Annotator "TA"]
[PlyCount "97"]
[EventDate "2022.06.13"]
[EventType "swiss"]
[EventCountry "IND"]
[SourceTitle "playchess.com"]
[Source "ChessBase"]
[SourceQuality "1"]
[TimeControl "5400+30"]

1. e4 e5 2. f4 Bc5 3. Nf3 d6 4. c3 Nf6 5. d4 Bb6 {[%emt 0:02:23] [#]} ({Black should play} 5... exd4 $15 6. cxd4 Bb6) 6. Bb5+ $146 {[%emt 0:26:34] C30: King's Gambit Declined.} ({Reject} 6. dxe5 Ng4 7. Qc2 dxe5 $15) (6. a4 $11 Nc6 7. Bb5 (7. d5 Nxe4 8. a5 Bf2+ 9. Ke2 Bc5 $11)) ({Predecessor:} 6. fxe5 dxe5 7. Nxe5 O-O 8. Be3 Nxe4 9. Qf3 Nd6 10. Nd2 Be6 11. Bd3 Nd7 12. O-O-O Nxe5 13. dxe5 Bxe3 14. Qxe3 Nf5 {½-½ (31) Shabalov,A (2521)-Fishbein,A (2417) Saint Louis 2021}) 6... Bd7 $15 7. fxe5 dxe5 (7... Bxb5 $2 8. exf6 Ba6 9. fxg7 $18) 8. Nxe5 {[%emt 0:04:03] Black is slightly better.} Bxb5 9. Qb3 {[%emt 0:00:07][%csl Ge5,LRb5,LRf7][%cal Rb3f7] [#]} O-O 10. Qxb5 Nxe4 {[%emt 0:00:48] Hoping for ...Qh4+.} 11. Qd3 $1 Qd5 {[%emt 0:05:24] Strongly threatening ...Re8.} 12. Qc4 ({Not} 12. Nd2 $2 Nxd2 13. Qxd2 Re8 $19) 12... Nf6 13. Qxd5 Nxd5 14. Nc4 c5 (14... Re8+ {looks sharper.} 15. Kf2 Nd7 16. Re1 Rxe1 17. Kxe1 c6) 15. Nxb6 axb6 16. dxc5 bxc5 17. O-O Nc6 18. Na3 Rfe8 19. Rd1 Rad8 20. Nb5 Ne5 21. b3 f6 22. a4 c4 23. b4 Nxb4 $2 24. Rxd8 $18 Rxd8 25. cxb4 Rd1+ 26. Kf2 {[%emt 0:00:06] Threatens to win with Ke2.} Nd3+ 27. Ke2 Rxc1 (27... Rg1 $142) 28. Rxc1 Nxc1+ {[%emt 0:00:02][%mdl 4096] Endgame KN-KN} 29. Kd2 Na2 30. Nd6 Nxb4 31. Kc3 Nc6 32. Kxc4 Kf8 33. Kc5 (33. Nxb7 $18 {And now Kb5 would win.} Ke7 34. Kd5 Nb4+ 35. Kc5) 33... Ke7 $16 34. Nf5+ ({Better is} 34. Nxb7 Kd7 35. Kb6) 34... Kd7 35. Nxg7 {[%emt 0:00:09] Black must now prevent Nh5.} Ne5 36. h4 ({White should try} 36. a5 $16) 36... Nd3+ $11 {[%emt 0:01:12] The position is equal.} 37. Kb6 {[%emt 0:00:22] [#] a5 is the strong threat.} Nb2 38. Kb5 Kd6 39. a5 Ke5 {[%emt 0:01:46] Against Nf5} 40. g3 f5 41. Ne8 Ke6 42. Ng7+ Ke5 43. Nh5 Ke4 44. Kb4 Kf3 45. Ng7 Nd3+ 46. Kb5 Ne5 (46... Kxg3 $2 47. Nxf5+ Kf3 48. Nd6 $18) 47. Nxf5 h5 48. Kc5 Nc6 49. a6 {[%emt 0:02:03] Black defended with fortune.  Weighted Error Value: White=0.12 (very precise) /Black=0.15 (very precise)} 1/2-1/2

[Event "3rd VIZAG GM-Open 2022"]
[Site "Visakapatnam"]
[Date "2022.06.13"]
[Round "5.9"]
[White "Mitrabha, Guha"]
[Black "Saravana, Krishnan P."]
[Result "1-0"]
[ECO "A21"]
[WhiteElo "2500"]
[BlackElo "2269"]
[Annotator "TA"]
[PlyCount "79"]
[EventDate "2022.06.13"]
[EventType "swiss"]
[EventCountry "IND"]
[SourceTitle "playchess.com"]
[Source "ChessBase"]
[SourceQuality "1"]
[TimeControl "5400+30"]

1. c4 e5 2. Nc3 Bb4 3. Nd5 Be7 4. d4 d6 5. e4 Nf6 6. Nxe7 {[%emt 0:01:34] A21: English Opening: 1...e5 2 Nc3.} Qxe7 7. f3 $1 exd4 8. Qxd4 {[%emt 0:00:41] The position is equal.} Nc6 9. Qc3 Nh5 10. Ne2 (10. g4 $5 Nf6 11. Ne2 $14) 10... O-O 11. Bd2 a5 12. g4 Nf6 (12... Qh4+ $11 13. Kd1 Nf6) 13. Ng3 {[%emt 0:01:29] [#]} (13. Rg1 $16) 13... d5 $146 ({Predecessor:} 13... Re8 14. h3 Qe5 15. Kf2 Nd7 16. b3 Nc5 17. Rd1 Nb4 18. a3 Nc6 19. Rb1 Bd7 {½-½ (70) Brustkern,J (2241)-Semcesen,D (2490) Vasteras 2013}) 14. g5 d4 15. Qc1 Nd7 {[%emt 0:05:33] [#] Strongly threatening ...Nc5.} 16. Bg2 $1 f5 {[%emt 0:06:25][%cal Of5f4] Threatens to win with ...f4!} 17. gxf6 Qxf6 18. O-O Nc5 19. f4 $1 Qh4 20. f5 {[%emt 0:01:36] Hoping for Bg5.} Nd3 21. Bg5 Nxc1 {[%emt 0:00:40] Pair of Knights!} (21... Qg4 $5 22. Bf3 Nxc1 23. Bxg4 Nd3 $11) 22. Bxh4 Nd3 23. b3 $1 Bd7 24. Rad1 Nde5 {[%emt 0:01:00] [#] Black is now going downhill.} (24... Nce5 $11) 25. Ne2 $1 $16 d3 (25... a4 $16 26. Nxd4 Nxd4) 26. Nf4 Nb4 (26... Rfe8 $16 27. Nxd3 Nxd3) 27. a3 $18 Nc2 28. Nxd3 Ng4 29. Nf2 Nge3 (29... Bxf5 {is a better defense.} 30. exf5 Nge3) 30. Rxd7 Nxf1 31. Bxf1 a4 32. bxa4 Rf7 33. Rd3 c5 34. Rd5 Rxa4 35. Ng4 {[%emt 0:02:19] Against Ne3} b6 36. f6 {[%emt 0:01:38] e5 is the strong threat.} Rxa3 37. Ne5 {[%emt 0:00:27] Intending Rd8+ and mate.} Rxf6 38. Bxf6 gxf6 39. Ng4 Ra1 40. Nxf6+ {[%emt 0:01:43] Weighted Error Value: White=0.11 (very precise) /Black=0.30} 1-0

[Event "3rd VIZAG GM-Open 2022"]
[Site "Visakapatnam"]
[Date "2022.06.13"]
[Round "5.10"]
[White "Nigmatov, Ortik"]
[Black "Krishnan Ritvik"]
[Result "1/2-1/2"]
[ECO "B29"]
[WhiteElo "2463"]
[BlackElo "2023"]
[Annotator "TA"]
[PlyCount "97"]
[EventDate "2022.06.13"]
[EventType "swiss"]
[EventCountry "IND"]
[SourceTitle "playchess.com"]
[Source "ChessBase"]
[SourceQuality "1"]
[TimeControl "5400+30"]

1. Nf3 c5 2. e4 Nf6 3. e5 Nd5 4. c4 Nc7 5. d4 cxd4 6. Qxd4 Nc6 {[%emt 0:02:55] B29: Sicilian: 2 Nf3 Nf6 (Nimzowitsch Variation).} 7. Qe4 g6 8. Be2 d5 {[%emt 0:16:13] Black is slightly better.} 9. exd6 Qxd6 {[%emt 0:00:02] [#]} 10. Bf4 $146 ({White should play} 10. O-O $11) ({Predecessor:} 10. O-O Bf5 11. Qh4 Bg7 12. Nc3 Nd4 13. Nxd4 Qxd4 14. Qxd4 Bxd4 15. Be3 O-O-O 16. Bxd4 Rxd4 {1-0 (83) Priasmoro,N (2474)-Le,T (2517) Kuala Lumpur 2019}) 10... Qb4+ $1 $15 11. Bd2 $1 Qxb2 12. Bc3 Qc1+ 13. Bd1 Bf5 14. Qe2 Rg8 {[%emt 0:05:10] Threatens to win with ...0-0-0.} (14... Bxb1 $2 15. Bxh8 O-O-O 16. O-O $18 (16. Bb2 Rxd1+ 17. Qxd1 Qxd1+ 18. Kxd1 Bd3 $18)) (14... O-O-O $5 15. Bxh8 f6 $15) 15. Bb2 (15. O-O $1 $11) 15... Qf4 $17 {[%emt 0:01:15] Strongly threatening ...0-0-0.} 16. O-O O-O-O {[%emt 0:03:24] aiming for ...Bd3.} 17. Ne5 {[%emt 0:03:12] Inhibits Bd3.} Nd4 18. Qe3 Qxe3 19. fxe3 Nc2 (19... Nc6 $5 20. Nxf7 Rd3 $17) 20. Bxc2 Bxc2 21. Nxf7 ({Reject} 21. Na3 Be4 22. Nxf7 Rd2 $17) 21... Rd1 22. Na3 Rxa1 23. Bxa1 Bf5 24. Be5 Be6 25. Nb5 Bxc4 26. Nxc7 (26. Nxa7+ $11 Kb8 27. Rf4) 26... Bxf1 27. Kxf1 h6 (27... Kd7 $15) 28. Ke2 {[%emt 0:01:21] [#]} (28. Nb5 $11 {remains equal.}) 28... Kd7 $1 29. h4 {[%emt 0:02:09] [#]} Bg7 (29... a6 $1 $17 {...Bg7 is the strong threat.} 30. Kd3 Bg7 31. Bxg7 Rxg7) 30. Nb5 $1 $11 {[%emt 0:00:13] The position is equal.} Ke6 31. Bxg7 Rxg7 32. Nxh6 {[%emt 0:01:35] And now g4 would win.} Rh7 33. Nd4+ Kd5 34. Ng4 ({Much weaker is} 34. Ng8 Kd6 35. g3 Rh8 36. Nb5+ Kd7 37. Nxe7 Kxe7 $19) 34... Rxh4 35. Ne5 Rh1 36. Nxg6 {[%emt 0:00:31] Pair of Knights!} Ra1 37. Nxe7+ Ke4 38. Nb3 Rxa2+ 39. Nd2+ Ke5 40. Ng6+ Kf5 41. Nf4 a5 42. Nd5 b5 43. Kd3 b4 44. e4+ Ke6 45. g4 Ra3+ 46. Kd4 Rg3 47. Nf4+ Ke7 48. Nd5+ Ke6 49. Nf4+ {[%emt 0:00:00] Weighted Error Value: White=0.17 (very precise) /Black=0.11 (very precise)} 1/2-1/2

[Event "3rd VIZAG GM-Open 2022"]
[Site "Visakapatnam"]
[Date "2022.06.13"]
[Round "5.11"]
[White "Kaustuv, Kundu"]
[Black "Neelotpal, Das"]
[Result "1/2-1/2"]
[ECO "D45"]
[WhiteElo "2327"]
[BlackElo "2431"]
[Annotator "TA"]
[PlyCount "68"]
[EventDate "2022.06.13"]
[EventType "swiss"]
[EventCountry "IND"]
[SourceTitle "playchess.com"]
[Source "ChessBase"]
[SourceQuality "1"]
[TimeControl "5400+30"]

1. Nf3 d5 2. e3 Nf6 3. c4 e6 4. Nc3 c6 5. b3 Bd6 6. Bb2 O-O 7. d4 Nbd7 8. Be2 b6 9. O-O Bb7 10. Qc2 Qe7 11. Rad1 Rac8 {[%emt 0:09:11] D45: Semi-Slav: 5 e3.} 12. e4 Nxe4 {[%emt 0:00:15] has lost popularity (12...dxe4).} 13. Nxe4 dxe4 14. Qxe4 Nf6 15. Qc2 {[%emt 0:00:09] has lost popularity (15.Qh4).} Ba3 16. Ba1 h6 17. Bd3 Bb4 18. Bb2 Ba3 19. Ba1 Bb4 20. Bb2 Ba3 21. Rfe1 Bxb2 22. Qxb2 {[%emt 0:00:05] [#]} a5 $146 ({Predecessor:} 22... Rfd8 23. Ne5 c5 24. dxc5 bxc5 25. Be2 Qc7 26. Bf3 Rxd1 27. Rxd1 Rd8 28. Rxd8+ Qxd8 29. Qe2 Qd4 30. g3 Ne4 31. Bxe4 Bxe4 32. Nf3 Qa1+ {½-½ (55) Ftacnik,L (2545)-Navara,D (2705) Czech Republic 2014}) 23. Ne5 Rcd8 24. c5 bxc5 25. Qa3 Nd7 (25... Qc7 $11) 26. Bc4 {[%emt 0:05:13][%cal Oe5g6] Threatens to win with Ng6!} Qd6 {[%emt 0:04:25] [#] White must now prevent ...Nxe5.} 27. Nxf7 Rxf7 (27... Kxf7 $2 28. dxc5 (28. Rxe6 Qxe6 29. Bxe6+ Kxe6 $16) 28... Qf4 29. g3 $18 (29. Rxe6 $2 Ne5 $17)) 28. Rxe6 Qf8 {[%emt 0:00:54] Strongly threatening ...Nb6.} (28... Qf4 $2 29. Re7 (29. Re2 Rdf8 $14) 29... Qxf2+ 30. Kh1 $18) 29. dxc5 {[%emt 0:09:09] And now Red6 would win.} Nxc5 ({Black should try} 29... Ne5 $11 30. Rxd8 Qxd8) 30. Ree1 {[%emt 0:01:50] [#]} ({White should play} 30. Rxd8 $14 Qxd8 31. Re1 (31. Qxc5 $2 Qd1+ 32. Bf1 Ba6 $19)) 30... Rd5 $1 $11 31. Qxa5 (31. f3 Na6) 31... Rxf2 32. b4 $2 {[%emt 0:02:50][%mdl 8192] [#]} (32. Rf1 $1 $11 Rxf1+ 33. Rxf1) 32... Qf4 $1 33. Qxc5 {[%emt 0:03:54][%mdl 64] Pin. Dancing on a razor blade.} ({Avoid the trap} 33. bxc5 $2 Qxc4 34. Rxd5 Qc2 35. Qd8+ Kh7 $19) 33... Rxg2+ {[%emt 0:00:10][%mdl 64] Decoy} 34. Kxg2 Qg4+ {[%emt 0:00:18] Weighted Error Value: White=0.34/Black=0.33} 1/2-1/2

[Event "3rd VIZAG GM-Open 2022"]
[Site "Visakapatnam"]
[Date "2022.06.13"]
[Round "5.12"]
[White "Jain Kashish Manoj"]
[Black "Laxman, R.R."]
[Result "0-1"]
[ECO "C52"]
[WhiteElo "2271"]
[BlackElo "2420"]
[Annotator "TA"]
[PlyCount "90"]
[EventDate "2022.06.13"]
[EventType "swiss"]
[EventCountry "IND"]
[SourceTitle "playchess.com"]
[Source "ChessBase"]
[SourceQuality "1"]
[TimeControl "5400+30"]

1. e4 e5 2. Nf3 Nc6 3. Bc4 Bc5 4. b4 Bxb4 5. c3 Ba5 6. d4 d6 7. Qb3 Qd7 8. O-O Bb6 $1 {[%emt 0:01:36] C52: Evans Gambit Accepted: 5 c3 Ba5.} 9. Nbd2 {[%emt 0:01:10] is currently scoring better than 9.Bb5.} (9. Bb5 $5 ) 9... Na5 10. Qc2 f6 {[%emt 0:04:17] Black is slightly better.} 11. a4 Nh6 (11... Ne7 $1 $15) 12. Ba3 Nf7 {[%emt 0:00:18] [#]} 13. Ba2 $146 ({Predecessor:} 13. Bd5 Qe7 14. Bb4 c6 15. Ba2 O-O 16. Nh4 g6 17. Kh1 Be6 18. d5 Bd7 19. c4 {0-1 (43) Short,N (2706)-Filippov,A (2595) Kolkata 2009}) 13... Qe7 14. d5 (14. Bb4 $11) 14... Bc5 15. Bb4 b6 16. Bxa5 bxa5 17. Nb3 Bb6 18. c4 Bd7 19. Bb1 c5 20. dxc6 Bxc6 21. Qc3 Qc7 22. c5 (22. Nfd2 $142) 22... dxc5 $17 23. Nfd2 Rc8 24. Nc4 O-O 25. Nbxa5 Bxa5 26. Nxa5 Ba8 (26... Nd6 $17 27. Ba2+ Kh8 28. Nxc6 Qxc6) 27. Rc1 Rfd8 (27... Kh8 $17 28. f3 Ng5) 28. f3 $15 Kh8 29. Ba2 Qe7 30. Qe3 Nd6 31. Nb3 Nb7 (31... c4 $5 32. Nd2 f5 $15) 32. Rc4 h6 33. Rac1 Kh7 34. Nxc5 $2 (34. h3 $11) 34... Nxc5 35. Rxc5 Rxc5 36. Rxc5 Rd4 ({Better is} 36... Rd1+ $17 37. Kf2 f5) 37. Rc4 Rd1+ 38. Kf2 Qd8 {[%emt 0:00:13] Hoping for ...Rd2+.} 39. Rc2 {[%emt 0:02:56] [#] Inhibits Rd2+.} (39. Bb3 $11 {and White is okay.} Rd3 40. Rc8) 39... f5 $1 $40 {[%emt 0:00:02][%mdl 128] ( -> ...Qh4+). Black wants a kill.} 40. g3 {[%emt 0:00:35][%mdl 8192] Inhibits Qh4. White does not recover from this.} (40. Ke2 $17 {was the crucial defense.}) 40... fxe4 {[%emt 0:00:21] White must now prevent ...Rd3.} 41. Be6 {[%emt 0:00:31] [#] And now Bf5+ would win.} Qf6 {[%emt 0:01:42] Inhibits Bf5+.} ({Weaker is} 41... exf3 42. Bf5+ g6 43. Qxa7+ Kh8 44. Bxg6 Rd2+ 45. Kf1 Rd1+ 46. Kf2 Rd2+ 47. Kf1 Rd1+ 48. Kf2 $11) 42. Bg4 (42. Bc4) 42... Rd4 43. Rc8 Bd5 44. Qa3 (44. Rc5 $142 Rd3 45. Qe1) 44... e3+ $2 (44... h5 45. Qf8 hxg4 46. Qxf6 gxf6 47. fxg4 Kg6) 45. Ke1 $2 (45. Qxe3 $19 Rxg4 46. Qd3+ e4 47. Qxd5 Qxf3+ 48. Kg1 Rxg3+ 49. hxg3 Qxg3+ 50. Kh1 Qh3+ 51. Kg1 Qxc8 52. Qxe4+ Kg8 53. Qd5+ Kh8 54. Qe4) 45... Bxf3 {[%emt 0:00:46] Weighted Error Value: White=0.67/Black=0.42} 0-1

[Event "3rd VIZAG GM-Open 2022"]
[Site "Visakapatnam"]
[Date "2022.06.13"]
[Round "5.13"]
[White "Nguyen, Duc Hoa"]
[Black "Jubin Jimmy"]
[Result "1/2-1/2"]
[ECO "D37"]
[WhiteElo "2398"]
[BlackElo "2259"]
[Annotator "TA"]
[PlyCount "145"]
[EventDate "2022.06.13"]
[EventType "swiss"]
[EventCountry "IND"]
[SourceTitle "playchess.com"]
[Source "ChessBase"]
[SourceQuality "1"]
[TimeControl "5400+30"]

1. d4 Nf6 2. c4 e6 3. Nf3 d5 4. Nc3 Be7 5. Bf4 O-O 6. e3 Nbd7 7. c5 c6 8. h3 $1 {[%emt 0:00:30][%mdl 4] is now more promising than 8.Bd3.} Re8 {[%emt 0:00:30] D37: Queen's Gambit Declined: 5 Bf4.} ({Black should play} 8... a5 $11) 9. Bd3 {[%emt 0:00:30] [#]} (9. b4 $14) 9... Bxc5 $1 $15 10. dxc5 e5 {[%emt 0:00:30] Black is slightly better.} 11. Nxe5 Nxe5 12. Be2 {[%emt 0:00:30] [#]} Ng6 $146 ({Predecessor:} 12... Ned7 13. b4 b6 14. cxb6 Qxb6 15. a3 Ba6 16. O-O Ne4 17. Rc1 Ndf6 18. Na4 Qb7 19. Bxa6 Qxa6 {½-½ (59) Spalir,J (2359)-Tica,S (2289) Nova Gorica 2015}) 13. Bd6 Nh4 14. O-O Nf5 (14... Nd7 {looks sharper.} 15. Bd3 Qf6 16. Ne2 Ne5) 15. Bf4 d4 16. exd4 Nxd4 17. Bd3 (17. Bc4 {feels hotter.} h6 18. Be3 Nf5 19. Qxd8 Rxd8 20. Rad1) 17... Bf5 18. Bxf5 Nxf5 {[%emt 0:00:30] Pair of Knights!} 19. Qxd8 (19. Qb3 {is more complex.} Qd4 20. Bg5 Nd7 21. Qxb7 Ne5 22. Rae1) 19... Raxd8 20. Bg5 Nd4 21. Rfd1 h6 22. Bxf6 gxf6 23. Kf1 Kg7 24. Rd3 Ne6 25. Rg3+ Kf8 26. Ne4 Ng5 27. Nd6 Ne4 28. Nxe8 Nxg3+ 29. fxg3 Kxe8 $11 {[%emt 0:00:30][%mdl 4096] Endgame KR-KR} 30. Re1+ Kf8 31. Re4 Rd5 32. Rb4 Rxc5 {[%emt 0:00:30] Strongly threatening ...b5.} 33. Rxb7 Rc2 34. g4 a5 35. a4 Kg7 36. Kg1 Kg6 37. Kh2 Rc4 38. b3 Rc3 39. Kg1 Rc2 40. Ra7 Rb2 41. Rxa5 Rxb3 42. Rc5 Ra3 43. a5 Ra2 44. Kf1 Kg7 45. Rh5 Rc2 46. Ke1 Rxg2 {[%emt 0:00:30] The position is equal.} 47. Kd1 Rh2 48. Kc1 f5 49. Rxf5 Rxh3 50. Kb2 Re3 51. a6 Re8 52. Kc3 {[%emt 0:00:30] [#] Threatens to win with Kb4.} Ra8 53. Ra5 Kg6 54. Kd4 ({Don't play} 54. a7 f5) 54... c5+ 55. Kxc5 f5 56. gxf5+ Kxf5 57. Kb6+ Kg4 58. Ra4+ Kg3 59. Ra3+ Kg4 60. Kb7 Rh8 61. a7 h5 62. Ra4+ Kg3 63. Ra6 Rh7+ 64. Kc6 Rxa7 65. Rxa7 {[%emt 0:00:30] aiming for Rg7+. KR-KP} h4 66. Rg7+ Kf3 (66... Kh3 {gets mated.} 67. Kd5 Kh2 68. Ke4 Kh1 69. Kf3 Kh2 70. Rd7 Kh1 71. Rh7 h3 72. Rxh3+ Kg1 73. Rh8 Kf1 74. Rh1#) 67. Rh7 Kg3 68. Kd5 h3 $1 69. Ke4 h2 70. Ke3 {[%emt 0:00:30] Hoping for Rg7+.} Kg2 71. Rg7+ Kf1 72. Rf7+ Kg2 73. Rg7+ {[%emt 0:00:30] Weighted Error Value: White=0.07 (flawless) /Black=0.06 (flawless)} 1/2-1/2